 Dungeon Crawl Stone Soup version 0.22-a0-49-g614aadd (webtiles) character file.

7688 galech the Grappler (level 11, -13/101 HPs)
             Began as a Troll Monk on Jan 8, 2018.
             Was a High Priest of Okawaru.
             Killed from afar by Erica (32 damage)
             ... with an orb of energy
             ... on level 9 of the Dungeon.
             The game lasted 00:14:00 (6744 turns).

galech the Grappler (Troll Monk)                    Turns: 6744, Time: 00:14:01

Health: -13/101    AC: 15    Str: 24    XL:     11   Next: 0%
Magic:  10/10      EV:  6    Int:  6    God:    Okawaru [*****.]
Gold:   281        SH: 11    Dex: 15    Spells: 10/10 levels left

rFire    . . .     SeeInvis .     - Unarmed
rCold    . . .     Gourm    +   D - +2 shield
rNeg     . . .     Faith    .   e - +0 storm dragon scales
rPois    .         Spirit   .   (helmet restricted)
rElec    +         Reflect  .   (no cloak)
rCorr    .         Harm     .   (gloves unavailable)
MR       .....                  (boots unavailable)
Stlth    ..........             (no amulet)
HPRegen  0.66/turn              a - +3 ring of dexterity
MPRegen  0.12/turn              (no ring)

@: lethally poisoned (-13 -> -19)
A: large, unfitting armour, claws 3, fast metabolism 3, gourmand, regeneration
1, shaggy fur 1, tough skin 2
a: Heroism, Finesse, Renounce Religion


You were on level 9 of the Dungeon.
You worshipped Okawaru.
Okawaru was extremely pleased with you.
You were completely stuffed.

You visited 2 branches of the dungeon, and saw 10 of its levels.

You collected 529 gold pieces.
You spent 248 gold pieces at shops.

Inventory:

Armour
 e - +0 storm dragon scales (worn)
 D - a +2 shield (worn)
Jewellery
 a - a +3 ring of dexterity (left claw)
 v - an uncursed ring of ice
Wands
 y - a wand of scattershot (6)
Scrolls
 f - a scroll of enchant armour
 h - 2 scrolls of enchant weapon
 i - 2 scrolls of teleportation {unknown}
 m - 6 scrolls of fog
 n - 2 scrolls of immolation
 p - a scroll of blinking
 r - 2 scrolls of magic mapping
 t - 2 scrolls of remove curse
 w - a scroll of random uselessness {unknown}
 A - 2 scrolls of amnesia {unknown}
 C - a scroll of fear {unknown}
 E - 2 scrolls of noise {unknown}
 F - a scroll of brand weapon
 H - a scroll of identify
Potions
 c - 6 potions of curing {unknown}
 d - 3 potions of haste {unknown}
 g - 3 potions of mutation
 k - a potion of berserk rage {unknown}
 l - 4 potions of brilliance {unknown}
 o - 3 potions of heal wounds {unknown}
 q - 2 potions of degeneration {unknown}
 s - 2 potions of flight {unknown}
 u - a potion of resistance {unknown}
 z - a potion of lignification {unknown}
 B - 2 potions of agility {unknown}
 G - a potion of invisibility {unknown}
Books
 j - a book of Spatial Translocations

   Spells                             Type                      Level
   a - Blink                          Translocation                2
   b - Shroud of Golubria             Charms/Translocation         2
   c - Lesser Beckoning               Translocation                3
   d - Gell's Gravitas                Translocation                3
   e - Teleport Other                 Translocation                3
   f - Passage of Golubria            Translocation                4
Comestibles
 b - 14 rations
 x - 14 chunks of flesh


   Skills:
 + Level 4.4 Fighting
 + Level 6.4 Armour
 + Level 3.9 Dodging
 + Level 1.5 Stealth
 + Level 2.0 Shields
 + Level 13.3 Unarmed Combat
 + Level 0.8 Invocations


You had 10 spell levels left.
You didn't know any spells.

Dungeon Overview and Level Annotations

Branches:
Dungeon (9/15)             Temple (1/1) D:6            Lair (0/6) D:9
    Orc: D:9-12

Altars:
Dithmenos
Fedhas
Gozag
Hepliaklqana
Kikubaaqudgha
Makhleb
Nemelex Xobeh
Okawaru
Ru
Sif Muna
Vehumet
Wu Jian
Xom
Yredelemnul
Zin
The Shining One

Shops:
D:4 :*   D:6 !*

Annotations:
D:6 1 runed door
D:9 Erica


Innate Abilities, Weirdness & Mutations

You are too large for most types of armour.
You have claws for hands.
Your metabolism is lightning-fast.
You like to eat raw meat.
Your natural rate of healing is unusually fast.
You are covered in fur. (AC +1)
You have very tough skin. (AC +2)


Message History

You hear some strange, mumbled words.
A bolt of poison appears from out of thin air!
The bolt of poison hits you!
You are more poisoned.
* * * LOW HITPOINT WARNING * * *
You feel sick.
The merfolk hits you but does no damage.
Something hits you but does no damage.
There is an open door here.
You feel sick.
You feel very sick.
You see here 23 stones.
You feel sick.
You feel sick.
You feel sick.
You feel sick.
You hear some strange, mumbled words.
An orb of energy appears from out of thin air!
The orb of energy hits you!
You die...

######..# #.#
#≈≈≈≈#..# #.# #
#...m'..# #.#####
#.#%(#†#m.# #......
####.######(.# #......
.............# #......
.............#
###..####
#..........###.....###
#....@.....#.P.......#
#...........P...P.....
#.<.............P.....
####
#................PP.PP
....
#.......>P..........P.
..>.
#..............♣.P....
....
#........P....P♣>PP.P.
####
#.........P.PPP.......
#...........P.P.♣.P..P


You could see a merfolk.

Vanquished Creatures
  The ghost of Curus the Spear-Bearer, a novice MfGl of Yredelemnul (D:6)
  Joseph (D:8)
  Maurice (D:8)
  Prince Ribbit (D:9)
  3 yaks (D:9)
  Grum (D:9)
  A hungry ghost (D:7)
  4 porcupines
  An orc warrior (D:8)
  4 black bears
  4 ice beasts
  A phantom (D:5)
  A sky beast (D:8)
  A necrophage (D:8)
  5 wolves
  5 ogres
  3 crocodiles
  5 centaurs
  A big kobold (D:9)
  6 bullfrogs
  A gnoll sergeant (D:8)
  4 scorpions
  8 wights (D:7)
  A howler monkey (D:8)
  6 crimson imps
  A centaur zombie (D:6)
  A bullfrog zombie (D:6)
  A hound (D:7)
  9 orc priests
  A jelly (D:6)
  12 orc wizards
  4 iguanas
  6 worker ants
  A hound skeleton (D:8)
  6 gnolls
  11 adders
  3 shadow imps
  4 oozes
  2 adder zombies
  3 worms (D:2)
  3 adder skeletons
  A dart slug (D:3)
  9 leopard geckos
  39 orcs
  6 bats
  9 giant cockroaches
  10 goblins
  7 hobgoblins
  7 jackals
  2 quokkas (D:4)
  3 ball pythons
  4 frilled lizards
  A jackal skeleton (D:4)
  13 kobolds
  2 quokka skeletons
  11 rats
262 creatures vanquished.

Notes
Turn   | Place    | Note
-------+----------+-------------------------------------------
     0 | D:1      | galech the Troll Monk began the quest for the Orb.
     0 | D:1      | Reached XP level 1. HP: 22/22 MP: 0/0
   136 | D:1      | Reached XP level 2. HP: 28/29 MP: 1/1
   317 | D:1      | Reached XP level 3. HP: 36/36 MP: 2/2
   929 | D:2      | Reached XP level 4. HP: 44/44 MP: 3/3
   949 | D:2      | Reached skill level 4 in Unarmed Combat
  1145 | D:2      | Found an opulent altar of Gozag.
  1610 | D:3      | Reached XP level 5. HP: 52/52 MP: 4/4
  1838 | D:3      | Reached skill level 5 in Unarmed Combat
  2152 | D:4      | Reached skill level 1 in Armour
  2163 | D:4      | Reached XP level 6. HP: 47/59 MP: 5/5
  2263 | D:4      | Found a sparkling altar of Nemelex Xobeh.
  2312 | D:4      | Reached skill level 6 in Unarmed Combat
  2333 | D:4      | Found Esaivekk's Book Boutique.
  2357 | D:4      | Found Titzovidgh's Elemental Accessories.
  2527 | D:5      | Entered Level 5 of the Dungeon
  2622 | D:5      | Noticed a two-headed ogre
  2783 | D:5      | Reached XP level 7. HP: 67/67 MP: 6/6
  2868 | D:5      | Reached skill level 7 in Unarmed Combat
  3189 | D:6      | Noticed Curus's ghost (novice MfGl)
  3210 | D:6      | Killed Curus's ghost
  3210 | D:6      | Reached skill level 8 in Unarmed Combat
  3210 | D:6      | Reached XP level 8. HP: 25/75 MP: 7/7
  3305 | D:6      | Found Amom's General Store.
  3313 | D:6      | Bought a scroll of identify for 24 gold pieces
  3341 | D:6      | Reached skill level 9 in Unarmed Combat
  3406 | D:6      | Found Vuqacrut's Distillery.
  3407 | D:6      | Found a hazy altar of Hepliaklqana.
  3415 | D:6      | Bought a potion of mutation for 112 gold pieces
  3415 | D:6      | Bought a potion of mutation for 112 gold pieces
  3444 | D:6      | Found a staircase to the Ecumenical Temple.
  3459 | Temple   | Entered the Ecumenical Temple
  3579 | Temple   | Became a worshipper of Warmaster Okawaru
  3579 | Temple   | Reached * piety under Okawaru
  3579 | Temple   | Reached ** piety under Okawaru
  3781 | D:6      | Found a glowing silver altar of Zin.
  3781 | D:6      | Found a runed door.
  3781 | D:6      | Noticed an angel
  3894 | D:7      | Reached XP level 9. HP: 81/83 MP: 8/8
  4068 | D:7      | Reached skill level 10 in Unarmed Combat
  4425 | D:7      | Reached skill level 5 in Armour
  4494 | D:7      | Reached *** piety under Okawaru
  4502 | D:7      | Reached skill level 11 in Unarmed Combat
  4919 | D:8      | Noticed Maurice
  4919 | D:8      | Noticed Joseph
  4949 | D:8      | Killed Maurice
  4949 | D:8      | Received a gift from Okawaru
  4960 | D:8      | Killed Joseph
  5096 | D:8      | Reached XP level 10. HP: 92/92 MP: 9/9
  5388 | D:8      | Found a burning altar of Makhleb.
  5795 | D:9      | Reached skill level 12 in Unarmed Combat
  5856 | D:8      | Reached **** piety under Okawaru
  6002 | D:8      | Reached skill level 1 in Shields
  6253 | D:9      | Noticed Grum
  6270 | D:9      | Killed Grum
  6272 | D:9      | Reached skill level 13 in Unarmed Combat
  6464 | D:9      | Found a staircase to the Lair.
  6527 | D:9      | Noticed Prince Ribbit
  6547 | D:9      | Killed Prince Ribbit
  6679 | D:9      | Reached ***** piety under Okawaru
  6725 | D:9      | Reached XP level 11. HP: 99/101 MP: 10/10
  6730 | D:9      | Noticed Erica
  6744 | D:9      | Killed from afar by Erica

Vault maps used:
D:1:      evilmike_arrival_rings
D:2:      first_ration, nicolae_gozag_seed_capital
D:4:      nemelex_altar_shiori, serial_glass, glass_columns_b, glass_columns_a,
          serial_shops, shop, nicolae_elemental_shop
D:6:      minmay_temple_entry_statues_fountains, basic_altar, serial_shops,
          shop, shop, lemuel_angel_altar
D:8:      nicolae_whirlpool, makhleb_blood_cavern_becter, uniq_maurice,
          uniq_joseph
D:9:      minmay_lair_entry_grove, kennysheep_orc_monster_closet_entryway,
          hangedman_fish_farm, uniq_prince_ribbit1, uniq_grum, uniq_erica
Temple:   kilobyte_greek_temple

Skill      XL: |  1  2  3  4  5  6  7  8  9 10 |
---------------+-------------------------------+-----
Unarmed Combat | 4 5 6 8 9 11 13 | 13.3
Dodging        | 3 |  3.9
Armour         | 1 4 5 6 |  6.4
Fighting       | 3 4 |  4.4
Shields        | 2 |  2.0
Stealth        | |  1.5
Invocations    | |  0.8

Action                   |  1- 3 |  4- 6 |  7- 9 | 10-12 || total
-------------------------+-------+-------+-------+-------++-------
Melee: Unarmed           |   110 |   211 |   225 |   234 ||   780
       Punch             |     1 |     3 |     6 |     2 ||    12
Invok: Heroism           |       |       |     2 |     3 ||     5
  Use: Scroll            |       |       |     6 |     2 ||     8
 Stab: Sleeping          |     3 |       |       |       ||     3
  Eat: Chunk             |    14 |    16 |    31 |    16 ||    77
Armor: Robe              |     6 |       |       |       ||     6
       Storm dragon scal |    55 |   140 |   125 |   138 ||   458
Dodge: Dodged            |    24 |    64 |    75 |    62 ||   225
Block: Shield            |       |       |       |   113 ||   113

Table legend:
 A = Spawn XP
 B = Non-spawn XP
 C = Spawn XP percentage of total XP
 D = Spawn monster count
 E = Non-spawn monster count
 F = Spawn count percentage of total count
 G = Total turns spent on level
                    A         B        C        D         E        F      G
               +---------+---------+-------+---------+---------+-------+---------
         Total |       0 |   10984 |   0.0 |       0 |     262 |   0.0 |  6744
               +---------+---------+-------+---------+---------+-------+---------
           D:1 |       0 |      60 |   0.0 |       0 |      32 |   0.0 |   793
           D:2 |       0 |     108 |   0.0 |       0 |      26 |   0.0 |   741
           D:3 |       0 |     119 |   0.0 |       0 |      30 |   0.0 |   576
           D:4 |       0 |     382 |   0.0 |       0 |      19 |   0.0 |   453
           D:5 |       0 |     504 |   0.0 |       0 |      14 |   0.0 |   590
           D:6 |       0 |    1567 |   0.0 |       0 |      18 |   0.0 |   575
           D:7 |       0 |    1805 |   0.0 |       0 |      39 |   0.0 |   992
           D:8 |       0 |    3431 |   0.0 |       0 |      35 |   0.0 |  1112
           D:9 |       0 |    3008 |   0.0 |       0 |      49 |   0.0 |   759
               +---------+---------+-------+---------+---------+-------+---------
